Cogmind - Beta 16 @@@ ROGUE MODE // 2025.10.26 @ 09:40:48 Player: AussieBBQ Result: Destroyed by D-53 Grenadier with Mini Grenade Launcher Performance ------------- Evolutions (0) 0 Regions Visited (2) 400 Robots Destroyed (21) 105 Value Destroyed (412) 412 Prototype IDs (2) 40 Alien Tech Used (0) 0 Bonus (0) 0 TOTAL SCORE: 957 Bonus ------- None Cogmind --------- Core Integrity 0/250 Matter 300/300 Energy 100/100 System Corruption 0% Temperature Cool (0) Movement Walking (260) Ox2 Location -10/Mines Parts ------- > --- POWER (1) -------- (None) > --- PROPULSION (2) --- Aluminum Leg > --- UTILITY (2) ------ Large Storage Unit > --- WEAPON (2) ------- Medium Laser > --- INVENTORY (15) --- Ion Engine Aluminum Leg Aluminum Leg Aluminum Leg Aluminum Leg Heat Sink Improved Heat Sink Structural Scanner Light Armor Plating Light Armor Plating Light Armor Plating Medium Laser Medium Laser Small Laser Peak State ------------ > --- POWER ------------ Ion Engine > --- PROPULSION ------- Aluminum Leg Aluminum Leg > --- UTILITY ---------- Large Storage Unit Seismic Detector > --- WEAPON ----------- Medium Laser Medium Laser > --- INVENTORY -------- Ion Engine Aluminum Leg Aluminum Leg Aluminum Leg Heat Sink Light Armor Plating Light Armor Plating Light Armor Plating Medium Laser Small Laser [Rating: 8] Favorites ----------- Power Ion Engine Engine Ion Engine Propulsion Aluminum Leg Leg Aluminum Leg Utility Large Storage Unit Device Seismic Detector Storage Large Storage Unit Protection Light Armor Plating Weapon Medium Laser Energy Gun Medium Laser Build | -11 -10 -10 ------- Run | Yrd Mat Min Slots Evolved . | . . . Power . | . . . Propulsion . | . . . Utility . | . . . Weapon . | . . . Parts Attached 16 | 2 12 2 Power . | . . . Engine . | . . . Core . | . . . Reactor . | . . . Propulsion 4 | . 3 1 Treads . | . . . Leg 4 | . 3 1 Wheel . | . . . Hover . | . . . Flight . | . . . Utility 7 | 1 5 1 Device 4 | 1 3 . Storage 2 | . 2 . Processor . | . . . Hackware . | . . . Protection 1 | . . 1 Artifact . | . . . Weapon 5 | 1 4 . Energy Gun 5 | 1 4 . Energy Cannon . | . . . Ballistic Gun . | . . . Ballistic Cannon . | . . . Launcher . | . . . Special Weapon . | . . . Impact Weapon . | . . . Slashing Weapon . | . . . Piercing Weapon . | . . . Special Melee Weapon . | . . . Unidentified Prototypes . | . . . Parts Lost 6 | . 1 5 Power 1 | . . 1 Propulsion 2 | . . 2 Utility 1 | . . 1 Weapon 2 | . 1 1 Highest Loss Streak 5 | . 1 5 To Critical Strikes . | . . . Average Backups 10 | 6 9 14 Power 1 | 1 1 1 Propulsion 3 | 4 3 4 Utility 3 | . 3 6 Weapon 1 | 1 1 3 Tool/Special . | . . . Unused Backups 21 | . 10 11 Power 3 | . 1 2 Propulsion 8 | . 3 5 Utility 6 | . 3 3 Weapon 4 | . 3 1 Tool/Special . | . . . Average Slot Usage (%) 97 | . 97 96 Engine 13 | . 14 13 Leg 27 | . 28 26 Device 11 | . 11 11 Storage 14 | . 14 14 Energy Gun 27 | . 28 27 Peak Build Rating 8 | 7 8 8 Average Rating 7 | 6 7 7 On Entrance 6 | 6 7 7 Avg Prop Armor Cover (%) . | . . . Naked Turns . | . . . Heaviest Build 32 | 13 30 32 Greatest Support 20 | 20 20 20 Greatest Overweight (x) 2 | . 1 2 Average Overweight (x) . | . . 1 Largest Inventory Capacity 30 | 8 30 15 Average Capacity 12 | 8 12 15 Most Carried 15 | 6 15 15 Average Carried 10 | 6 9 14 Final Capacity 15 | 8 15 15 Final Carried 15 | 6 15 14 Class Distribution -------------------- 100% | Mutant Dominant Class ---------------- Mutant | -10/Materials Mutant | -10/Mines Resources | -11 -10 -10 ----------- Run | Yrd Mat Min Matter Collected 470 | 220 193 57 Remotely . | . . . Salvage Created 679 | 111 492 76 Parts 38 | 9 25 4 Haulers Intercepted 1 | . 1 . Recyclers Shooed 5 | . 5 . Parts Field Recycled . | . . . Retrieved Matter . | . . . Parts Self-Destructed . | . . . Prevented . | . . . Parts Restored . | . . . Kills | -11 -10 -10 ------- Run | Yrd Mat Min Combat Hostiles Destroyed 11 | . 9 2 Guns 11 | . 9 2 Classes Destroyed 7 | 1 6 . Builder 1 | . 1 . Tunneler 6 | 5 1 . Hauler 1 | . 1 . Recycler 1 | . 1 . Watcher 1 | . 1 . Swarmer 3 | . 3 . Grunt 8 | . 6 2 Best Kill Streak 3 | 3 3 2 Combat Bots Only 3 | . 3 2 Max Kills in Single Turn 1 | 1 1 1 Gunslinging . | . . . Exploded . | . . . Melee . | . . . Uniques/NPCs Destroyed . | . . . Combat | -11 -10 -10 -------- Run | Yrd Mat Min Hostile Shots Fired 60 | . 43 17 Missed 13 | . 11 2 Hits 47 | . 32 15 Projectile 47 | . 32 15 AOE 14 | . . 14 Critical Strikes 2 | . 2 . Damage Taken 1002 | . 401 601 Core 266 | . 47 219 Absorbed by Shields . | . . . Regen/Repaired (Parts) 51 | . 51 . Core Remaining (%) 100 | 100 . . Volleys Fired 68 | 8 55 5 Largest 2 | 2 2 2 Hottest 100 | 80 100 100 Shots Fired 136 | 16 110 10 Gun 136 | 16 110 10 Cannon . | . . . Launcher . | . . . Special . | . . . Kinetic . | . . . Thermal 136 | 16 110 10 Explosive . | . . . Electromagnetic . | . . . Robot Hit Streak 17 | 6 17 7 Robot Miss Streak 5 | 1 5 3 Penetration Max . | . . . Secondary Targets . | . . . Shots Hit Robots 90 | 10 73 7 Core Hits 39 | 5 29 5 Critical Kills . | . . . Critical Parts Destroyed . | . . . Critical Strikes 8 | . 5 3 Burn 8 | . 5 3 Melee Attacks . | . . . Impact . | . . . Slashing . | . . . Piercing . | . . . Sneak Attacks . | . . . Combat Hostiles . | . . . Follow-up Attacks . | . . . Damage Inflicted 1142 | 113 938 91 Guns 1142 | 113 938 91 Cannons . | . . . Explosions . | . . . Melee . | . . . Ramming . | . . . Kinetic . | . . . Thermal 1142 | 113 938 91 Explosive . | . . . Electromagnetic . | . . . Impact . | . . . Slashing . | . . . Piercing . | . . . Highest Corruption . | . . . Average Corruption . | . . . Corruption Purged . | . . . Corruption Blocked . | . . . Overload Shots . | . . . Overflow Damage . | . . . Projectiles . | . . . Explosions . | . . . Melee . | . . . Knockbacks . | . . . Impact . | . . . Kinetic . | . . . Secondary . | . . . Self-Inflicted Damage . | . . . Shots . | . . . Rammed . | . . . Targets Rammed 1 | . 1 . Kicked 1 | . 1 . Crushed . | . . . Highest Temperature 239 | 54 239 138 Average Temperature 45 | 21 46 61 Received Heat Transfer 237 | . 228 9 Siege Activations . | . . . Martial Activations . | . . . Shielding Activations . | . . . Robots Disrupted . | . . . Combat Hostiles . | . . . Robots Corrupted . | . . . Combat Hostiles . | . . . Parts Fried . | . . . Impact Corruptions . | . . . Robots Melted . | . . . Combat Hostiles . | . . . Parts Melted 8 | . 7 1 Heat Transferred 3745 | 250 3014 481 Parts Sabotaged . | . . . Parts Stolen . | . . . Parts Stripped . | . . . Power Chain Reactions . | . . . Alert | -11 -10 -10 ------- Run | Yrd Mat Min Maximum Alert Level . | . . . Low Security (%) 100 | 100 100 100 Level 1 . | . . . Level 2 . | . . . Level 3 . | . . . Level 4 . | . . . Level 5 . | . . . High Security . | . . . Max Security . | . . . Peak Influence 62 | 5 62 50 Initial . | . . . Average 13 | 2 14 15 Influence Increases 381 | 25 306 50 Destroy 0b10 Robot/C 220 | . 180 40 Destroy 0b10 Robot/NC 50 | 25 25 . Destroy Leader 64 | . 54 10 Successful Hack 30 | . 30 . Destroy Structure 2 | . 2 . Lose Combat Pursuer 15 | . 15 . Influence Decreases 381 | 25 306 50 Time Decay 376 | 25 301 50 Lost Part 5 | . 5 . Squads Dispatched 2 | . 2 . Investigation . | . . . Extermination . | . . . Reinforcement 2 | . 2 . Assault . | . . . Garrison . | . . . Intercept . | . . . Searches Triggered . | . . . Construction Impeded . | . . . Haulers Reinforced . | . . . Active Scanning Responses . | . . . Cargo Convoy Interrupts . | . . . Stealth | -11 -10 -10 --------- Run | Yrd Mat Min Distress Signals 1 | . 1 . Communications Jammed . | . . . Distress Signals . | . . . Times Spotted 27 | . 22 5 Peak Tracking Total 3 | . 3 2 Tactical Retreats 1 | . 1 . Traps | -11 -10 -10 ------- Run | Yrd Mat Min Traps Triggered 1 | . 1 . Indirectly . | . . . Trap Hack Attempts . | . . . Triggered . | . . . Disarmed . | . . . Reprogrammed . | . . . Reused . | . . . Traps Extracted . | . . . Installed . | . . . Triggered . | . . . Machines | -11 -10 -10 ---------- Run | Yrd Mat Min Machines Disabled . | . . . Max in Single Turn . | . . . Machines Repaired . | . . . Machines Dismantled . | . . . Machines Sabotaged . | . . . Overloaded Fab Kills . | . . . Hacking | -11 -10 -10 --------- Run | Yrd Mat Min Machines Accessed 7 | . 7 . Terminals 5 | . 5 . Fabricators . | . . . Repair Stations 1 | . 1 . Recycling Units 1 | . 1 . Scanalyzers . | . . . Garrison Access . | . . . Total Hacks 28 | . 28 . Successful 15 | . 15 . Failed 13 | . 13 . Catastrophic 1 | . 1 . Database Lockouts . | . . . Manual 14 | . 14 . Terminals 22 | . 22 . Fabricators . | . . . Repair Stations 4 | . 4 . Recycling Units 2 | . 2 . Scanalyzers . | . . . Garrison Access . | . . . Terminal Hacks 10 | . 10 . Robot Analysis 4 | . 4 . Prototype ID Bank 1 | . 1 . Locate Traps 1 | . 1 . Investigation Status 1 | . 1 . Hauler Manifests 1 | . 1 . Registered Components 1 | . 1 . Zone Layout 1 | . 1 . Fabricator Hacks . | . . . Repair Station Hacks 3 | . 3 . Scan Component 2 | . 2 . Repair 1 | . 1 . Recycling Unit Hacks 1 | . 1 . Retrieve Components 1 | . 1 . Scanalyzer . | . . . Garrison Access Hacks . | . . . Unauthorized Hacks 1 | . 1 . Terminals 1 | . 1 . Botnet 1 | . 1 . Fabricators . | . . . Repair Stations . | . . . Recycling Units . | . . . Scanalyzers . | . . . Garrison Access . | . . . Data Cores Recovered . | . . . Used . | . . . Hacking Detections 6 | . 6 . Full Trace Events 1 | . 1 . Feedback Events . | . . . Feedback Blocked . | . . . Robot Schematics Acquired . | . . . Robots Built . | . . . Authchips . | . . . Time . | . . . Total Robot Build Rating . | . . . Part Schematics Acquired . | . . . Parts Built . | . . . Authchips . | . . . Time . | . . . Total Part Build Rating . | . . . Part Studies Acquired . | . . . Parts Repaired 1 | . 1 . Time 26 | . 26 . Parts Recycled . | . . . Recycled Matter . | . . . Retrieved Matter . | . . . Retrieved Components 2 | . 2 . Parts Scanalyzed . | . . . Part Schematics Acquired . | . . . Parts Damaged . | . . . Bothacking | -11 -10 -10 ------------ Run | Yrd Mat Min Used RIF Installer . | . . . Robots Hacked . | . . . Non-combat . | . . . Combat . | . . . Robot Hacks Applied . | . . . Relay Couplers Released . | . . . Fabnet Peak Effective % . | . . . Robots Rewired . | . . . Allies Hacked . | . . . Hacks Repelled . | . . . Allies | -11 -10 -10 -------- Run | Yrd Mat Min Total Allies . | . . . Largest Group . | . . . Highest-Rated Group . | . . . Highest-Rated Ally . | . . . Total Orders . | . . . Ally Attacks . | . . . Total Damage . | . . . Kills . | . . . Allies Corrupted . | . . . Allies Melted . | . . . Intel | -11 -10 -10 ------- Run | Yrd Mat Min Active Infowar (turns) 653 | 13 494 146 Structural 34 | . 34 . Seismic 619 | 13 460 146 Robot Analysis Total 4 | . 4 . Derelict Logs Recovered . | . . . Drone Launches . | . . . Drone Recoveries . | . . . Exploration | -11 -10 -10 ------------- Run | Yrd Mat Min Turns Passed 1501 | 128 1194 179 Spaces Moved 660 | 45 533 82 Core . | . . . Treads . | . . . Legs 660 | 45 533 82 Wheels . | . . . Hover . | . . . Flight . | . . . Fastest Speed 120 | 120 120 190 Average Speed 162 | 120 161 191 Slowest Speed 260 | 120 190 260 Overloaded Moves . | . . . Propulsion Burnouts . | . . . Robots Hopped . | . . . Potential Cave-ins 2 | . . 2 Cave-ins Triggered . | . . . Exploration Rate (%) 40 | 3 89 28 Regions Visited 2 Branch Regions 1 Pre-discovered Areas . | . . . Known Exits Taken . | . . . Unknown Exits Taken 2 | 1 1 . Scrap Searched . | . . . Spaces Dug . | . . . Terrain Destroyed . | . . . Melee . | . . . Projectile . | . . . AOE . | . . . Terrain Rammed . | . . . Walls Destroyed . | . . . Machines Disabled . | . . . Actions | -11 -10 -10 --------- Run | Yrd Mat Min Total 958 | 102 759 97 Wait 155 | 48 107 . Move 658 | 44 532 82 Hop . | . . . Pick Up 28 | . 24 4 Fast Attach 5 | 1 4 . Attach 4 | . 2 2 Detach 3 | . 3 . Swap 19 | 1 17 1 Drop 17 | . 14 3 Fire 68 | 8 55 5 Melee . | . . . Ram . | . . . Kick 1 | . 1 . Crush . | . . . Escape Stasis . | . . . Rewire . | . . . Trap . | . . . Miscellaneous . | . . . Route ------- -11/Scrapyard -10/Materials (discovered 6 exits: [*Mat x3] / [*Min x2] / [*Sub]) -10/Mines History --------- Turn | Location | Event 6 | -11/Scrapyard | Discovered new exit (range 3) 129 | -11/Scrapyard | Entered Materials 204 | -10/Materials | Discovered new exit (range 13) 316 | -10/Materials | Build established: Mutant 429 | -10/Materials | Discovered new exit (range 12) 475 | -10/Materials | Repaired Aluminum Leg 839 | -10/Materials | Discovered new exit (range 7) 861 | -10/Materials | Discovered new exit (range 10) 1072 | -10/Materials | Discovered new exit (range 15) 1167 | -10/Materials | Discovered new exit (range 14) 1323 | -10/Materials | Entered Mines 1406 | -10/Mines | Met a Derelict bent on vengeance 1462 | -10/Mines | Assembled infested the area 1467 | -10/Mines | Assisted by a Guerilla fighting off Assembled 1497 | -10/Mines | Core integrity fell below 50% 1501 | -10/Mines | Core integrity fell below 20% 1502 | -10/Mines | Destroyed by D-53 Grenadier with Mini Grenade Launcher Last Messages --------------- coming from, and they're closing on this area, come on!" 01467_ K-01 Serf collects debris. 01484_ C-45 Heavy ARC bursts open, deploying its payload. 01484_ D-53 Grenadier unfolds itself. 01484_ K-01 Serf collects debris. 01489_ Aluminum Leg destroyed. 01490_ The unstable cave ceiling collapses. 01492_ K-01 Serf collects debris. 01492_ Ion Engine destroyed. 01493_ The unstable cave ceiling collapses. 01493_ Seismic Detector destroyed. 01495_ U-05 Engineer builds a Wall. 01495_ K-01 Serf collects debris. 01496_ The unstable cave ceiling collapses. 01498_ Aluminum Leg destroyed. 01498_ Med. Laser destroyed. 01499_ K-01 Serf collects debris. 01502_ The unstable cave ceiling collapses. Map ----- +----------------------------------------------------+ | ?????????????????????????????????????????????????? | | ?????????????????????????????????????????????????? | | ?????????????????????????????????????????????????? | | ?????????????????????????????????????????????????? | | ?????????????????????????????????????????????????? | | ?????????????????????????????????????????????????? | | ?????????????????????????????????????????????????? | | ?????????????????????????????????????????????????? | | ?????????????????????????????????????????????????? | | ?????????????????????????????????????????????????? | | ?????????????????????????????????????????????????? | | ?????????????????????????????????????????????????? | | ?????????????????????????????????????????????????? | | ???????????????##????????????????????????????????? | | ???????????????# #???????????????????????????????? | | ??????????????## ???????????????? ?????????????? | | ??????????????# #?????????????# ??????????????? | | ??????????????# #???????####" ???????????????? | | ??????????????# #?????# "% ????????????????? | | ??????????????# ##### ??????????????????? | | ??????????????# k ???????????????????? | | ??????????????# ##???????????????????? | | ???????????????# #???????????????????? | | ????????????????# #???????????????????? | | ????????????????# dd #???????????????????? | | ????????????????# @ #???????????????????? | | ????????????????# #???????????????????? | | ???????????######## #??????????????????? | | ???????##### # ##??????????????????? | | ????? % ####?????????????????? | | ???????" % # #????????#####????? | | ????????### #??####### ##???? | | ??????????## ## ##?## ## ##??? | | ???????????##??## ##?## ##?? | | ????????????????## ###### ### | | ?????????????????## ##### | | ??????????????????##t ## | | ???????????????????# #### """ | | ???????????????????## ###### ##??# """ | | ????????????????????######????# ##???# """ # | | ?????????????????????????????# #????# ## | | ????????????????????????????# #???# ######? | | ????????????????????????????# #### ####??? | | ???????????????????????????# #??? | | ??????????????????????????? ######### ### #??? | | ?????????????????????????? #????????# #?# ###? | | ???????????????????????????## #?????????# ??# ## | | ????????????????????????????# ??????????# ??# ! # | | ????????????????????????????# ??????????# ??### = | | ????????????????????????????#???????????# ???## % | +----------------------------------------------------+ Best States ------------- Heat Dissipation 35 Energy Generation 10 Energy Capacity 250 Matter Stores 300 Matter Capacity 300 Sight Range 16 Terrain Scan Density 10 Armor Coverage 150 Evasion (%) 55 Item Schematics ----------------- None Robot Schematics ------------------ None Fabricated ------------ Nothing Repaired ---------- Aluminum Leg | 43% | -10/Materials Studied --------- None Alien Tech Used ----------------- None Achievements -------------- None Challenges ------------ None Game ------ Seed CombatNullScanner Manual? 0 Play Time 00:12:06 Cumulative 35.0 hours Start 2025.10.26 @ 09:29:51 End 2025.10.26 @ 09:40:48 Sessions 1 Manual Loads 0 Difficulty Rogue Special Mode None Game No. 52 Rogue 52 Adventurer 0 Explorer 0 Win Type - Total 1 Types 1/0/0/0/0/0/0/0/0/0 Lore% 34 Gallery% 38 Achievement% 25 Wizard Run 0 Options --------- Layout 1 ASCII 0 Keyboard 0 Movement Numpad Keybinds 0 Fullscreen 2 Font 24/Smallcaps Map View 50x35 Zoom Use 0% Tactical HUD 1 Map Filters NONE Filters NONE Steam 1 RUN: e9bc2689-a329-418b-b579-6857c412ebc0